 Dungeon Crawl Stone Soup version 0.31-a0-1308-ga3cce3a448 (webtiles) character file.

Game seed: 1387640091425611970

11067 mdonais the Destroyer (level 11, -6/72 HPs)
             Began as an Octopode Conjurer on Dec 19, 2023.
             Was an Elder of Vehumet.
             Killed from afar by a rime drake (34 damage)
             ... with an icy flash freeze
             ... on level 2 of the Lair of Beasts.
             The game lasted 01:22:02 (14195 turns).

mdonais the Destroyer (Octopode Conjurer)          Turns: 14195, Time: 01:22:03

Health: -6/72      AC:  1    Str:  6    XL:     11   Next: 71%
Magic:  19/21      EV: 13    Int: 25    God:    Vehumet [****..]
Gold:   772        SH:  5    Dex: 11    Spells: 4/23 levels left

rFire   + + .        a - +8 dagger (chaos)
rCold   . . .        i - +0 buckler
rNeg    . . .        (helmet restricted)
rPois   .            e - amulet of magic regeneration
rElec   .            f - ring of protection from fire
rCorr   .            S - ring of protection from fire
SInv    +            s - ring of see invisible
Will    .....        (no ring)
Stlth   ++++         (no ring)
HPRegen 0.32/turn    (no ring)
MPRegen 0.57/turn    (no ring)
                     (no ring)

%: no passive effects
@: no status effects
A: almost no armour, amphibious, 8 rings, camouflage 1, gelatinous body 1,
(nimble swimmer 1), tentacles
a: Renounce Religion


You were on level 2 of the Lair of Beasts.
You worshipped Vehumet.
Vehumet was greatly pleased with you.
You visited 3 branches of the dungeon, and saw 13 of its levels.

You collected 814 gold pieces.
You spent 42 gold pieces at shops.

Inventory:

Hand Weapons
 a - a +8 dagger of chaos (weapon)
   (You took it off a crimson imp on level 3 of the Dungeon)
 q - a +3 orcbow
   (You found it on level 3 of the Dungeon)
 C - a +1 sling of freezing
   (You found it on level 6 of the Dungeon)
 I - a +5 short sword
   (You took it off a wight on level 8 of the Dungeon)
 O - the +2 spear "Fung" {pain, rCorr Str+3}
   (You found it on level 6 of the Dungeon)

   Str+3:     It affects your strength (+3).
   rCorr:     It protects you from acid and corrosion.
Missiles
 m - 47 poisoned darts
 t - 11 boomerangs
 v - 5 javelins
 F - 6 curare-tipped darts (quivered)
 Z - 4 throwing nets {=!f}
Armour
 i - a +0 buckler (worn)
   (You found it on level 3 of the Dungeon)
 P - an orb of mayhem
   (You took it off Jeremiah on level 7 of the Dungeon)
Magical Staves
 b - a staff of conjuration
   (You found it on level 5 of the Dungeon)
 k - a staff of earth
   (You found it on level 10 of the Dungeon)
Jewellery
 e - an amulet of magic regeneration (around mantle)
   (You found it on level 1 of the Dungeon)
 f - a ring of protection from fire (left tentacle)
   (You found it on level 1 of the Dungeon)
 s - a ring of see invisible (on tentacle)
   (You found it on level 1 of the Lair of Beasts)
 z - an amulet of reflection
   (You found it on level 5 of the Dungeon)
 S - a ring of protection from fire (right tentacle)
   (You found it on level 1 of the Lair of Beasts)
Talismans
 o - a granite talisman
   (You found it on level 2 of the Dungeon)
 r - a beast talisman
   (You found it on level 3 of the Dungeon)
Wands
 D - a wand of digging (2)
   (You found it on level 10 of the Dungeon)
 J - a wand of quicksilver (23)
   (You found it on level 8 of the Dungeon)
 M - a wand of charming (15)
   (You found it on level 9 of the Dungeon)
 N - a wand of roots (6)
   (You took it off Ijyb on level 4 of the Dungeon)
 V - a wand of flame (31)
   (You found it on level 8 of the Dungeon)
Scrolls
 c - 4 scrolls of fear
 h - 2 scrolls of torment {unknown}
 l - 3 scrolls of revelation
 n - 2 scrolls of noise
 p - 2 scrolls of immolation
 A - 2 scrolls of enchant armour
 B - 3 scrolls of blinking
 E - 2 scrolls of fog {unknown}
 G - a scroll of amnesia {unknown}
 H - a scroll of silence
 K - a scroll of vulnerability
 R - a scroll of identify
 T - 3 scrolls of teleportation
 W - a scroll of butterflies {unknown}
Potions
 d - 2 potions of degeneration {unknown}
 g - a potion of invisibility {unknown}
 j - 3 potions of ambrosia {unknown}
 u - 3 potions of mutation {unknown}
 w - 2 potions of magic
 x - 3 potions of heal wounds {unknown}
 y - 4 potions of might {unknown}
 L - 2 potions of brilliance {unknown}
 Q - a potion of curing
 U - 3 potions of resistance


   Skills:
 - Level 6.0 Fighting
 - Level 4.0 Dodging
 - Level 6.0 Stealth
 - Level 6.0 Shields
 + Level 6.7 Spellcasting
 - Level 9.0 Conjurations
 - Level 5.0 Hexes
 - Level 6.0 Translocations
 + Level 6.8 Fire Magic
 - Level 3.0 Evocations


You had 4 spell levels left.
You knew the following spells:

 Your Spells              Type           Power      Damage    Failure   Level
a - Magic Dart            Conj           100%       1d8       1%          1
b - Searing Ray           Conj           100%       2d8       1%          2
c - Fireball              Conj/Fire      24%        3d11      3%          5
d - Fulminant Prism       Conj/Hex       21%        3d12      1%          4
e - Dazzling Flash        Conj/Hex       86%        N/A       1%          3
f - Iskenderun's Mystic   Conj/Tloc      45%        2d10      1%          4

Your spell library contained the following spells:

 Spells                   Type           Power      Damage    Failure   Level
 Slow                     Hex            100%       N/A       1%          1
 Confusing Touch          Hex            33%        N/A       4%          3
 Sigil of Binding         Hex            33%        N/A       4%          3
 Tukima's Dance           Hex            33%        N/A       4%          3
 Passage of Golubria      Tloc           38%        N/A       9%          4
 Necrotise                Necr           32%        1d5       11%         1
 Sublimation of Blood     Necr           8%         N/A       16%         2
 Wereblood                Tmut           8%         N/A       16%         2
 Vampiric Draining        Necr           8%         2d6       32%         3
 Yara's Violent Unravell  Hex/Tmut       10%        3d6       26%         5
 Silence                  Hex/Air        10%        N/A       71%         5
 Agony                    Necr           8%         N/A       96%         5
 Summon Hydra             Summ           4%         N/A       100%        7
 Lehudib's Crystal Spear  Conj/Erth      15%        10d5      100%        8


Dungeon Overview and Level Annotations

Branches:
Dungeon (10/15) Zot: 23977  Temple (1/1) D:4 Zot: 5967    Lair (2/5) D:10 Zot: 10163
    Orc (0/2) D:10
  Swamp: Lair:2-3    Shoals: Lair:2-3     Snake: Lair:2-3    Spider: Lair:2-3

Altars:
Ashenzari
Cheibriados
Dithmenos
Elyvilon
Fedhas
Gozag
Hepliaklqana
Kikubaaqudgha
Makhleb
Nemelex Xobeh
Okawaru
Qazlal
Ru
Sif Muna
Trog
Uskayaw
Vehumet
Wu Jian
Xom
Yredelemnul
Zin
The Shining One

Shops:
D:1 (   D:5 [   D:7 *   D:10 :[::*


Innate Abilities, Weirdness & Mutations

You cannot wear most types of armour.
You are amphibious.
You can wear up to eight rings at the same time.
Your skin changes colour to match your surroundings (Stealth+).
Your rubbery body absorbs attacks. (AC +1, EV +1)
((You are camouflaged when in or above water. (Stealth+)))
You have tentacles for arms and can constrict up to eight enemies at once.


Message History

The fireball engulfs the yak!!
The yak is heavily wounded.
You now have 1/20 mp.
Casting: Fireball (dangerous; 3% risk of failure)
Confirm with . or Enter, or press ? or * to list all spells.
You don't have enough magic to cast this spell.
Unknown command.
You see here a scorpion corpse.
Casting: Fireball (dangerous; 3% risk of failure)
Confirm with . or Enter, or press ? or * to list all spells.
Aiming: Fireball (dangerous; 3% risk of failure)
Press: ? - help, Shift-Dir - straight line, f/p - yak
Aim: a yak (heavily wounded)
You feel a surge of power!
The fireball explodes!
The fireball engulfs the yak!!
You kill the yak!
Vehumet accepts your kill.
You now have 5/20 mp.
Casting: Fireball (dangerous; 3% risk of failure)
Confirm with . or Enter, or press ? or * to list all spells.
Aiming: Fireball (dangerous; 3% risk of failure)
Press: ? - help, Shift-Dir - straight line, f - yak
Aim: a yak You feel a surge of power!
The fireball explodes!
The fireball engulfs the yak!!
The yak is heavily wounded.
You now have 2/20 mp.
Casting: Fireball (dangerous; 3% risk of failure)
Confirm with . or Enter, or press ? or * to list all spells.
You don't have enough magic to cast this spell.
Unknown command.
Casting: Fireball (dangerous; 3% risk of failure)
Confirm with . or Enter, or press ? or * to list all spells.
Aiming: Fireball (dangerous; 3% risk of failure)
Press: ? - help, Shift-Dir - straight line, f/p - yak
Aim: a yak (heavily wounded)
You feel a surge of power!
The fireball explodes!
The fireball engulfs the yak!
The yak is severely wounded.
You now have 1/20 mp.
Casting: Fireball (dangerous; 3% risk of failure)
Confirm with . or Enter, or press ? or * to list all spells.
Aiming: Fireball (dangerous; 3% risk of failure)
Press: ? - help, Shift-Dir - straight line, f/p - yak
Aim: a yak (severely wounded)
You feel a surge of power!
The fireball explodes!
The fireball engulfs the yak!!
You kill the yak!
Vehumet accepts your kill.
You now have 8/20 mp.
You now have 761 gold pieces (gained 17).
You now have enough gold to buy a book of Spectacle on D:10.
You can access your shopping list by pressing '$'.
You now have 772 gold pieces (gained 11).
MP restored: 20
s - a ring of see invisible;
U - 3 potions of resistance
Found a stone staircase leading down.
W - a scroll labelled NOSOCW BEKAFYT You see here 5 stones.
Done exploring.
Done exploring.
s - a ring of see invisible (on tentacle) Done exploring.
Done exploring.
Done exploring.
Okay, then.
Unknown command.
Level map cleared.
Unknown command.
A blink frog comes into view.
A blink frog is nearby!
Casting: Fireball (dangerous; 3% risk of failure)
Confirm with . or Enter, or press ? or * to list all spells.
Aiming: Fireball (dangerous; 3% risk of failure)
Press: ? - help, Shift-Dir - straight line, f - blink frog
Aim: a blink frog (wandering, hasn't noticed you)
You feel a surge of power!
The fireball explodes!
The fireball engulfs the blink frog!!
The blink frog is severely wounded.
The blink frog gives a loud, deep croak!
The blink frog blinks!
You now have 15/20 mp.
Casting: Fireball (dangerous; 3% risk of failure)
Confirm with . or Enter, or press ? or * to list all spells.
You can't see any susceptible monsters within range! (Use Z to cast anyway.)
A blink frog is nearby!
A blink frog is nearby!
Casting: Fireball (dangerous; 3% risk of failure)
Confirm with . or Enter, or press ? or * to list all spells.
Aiming: Fireball (dangerous; 3% risk of failure)
Press: ? - help, Shift-Dir - straight line, p - blink frog You feel a surge of power!
The fireball explodes!
The fireball engulfs the blink frog!!
You kill the blink frog!
Vehumet accepts your kill.
You feel your power returning.
You now have 14/21 mp.
Unknown command.
Unknown command.
Unknown command.
Unknown command.
Unknown command.
Welcome back, mdonais the Octopode Conjurer.
Vehumet says: Let it end in hellfire!
Press ? for a list of commands and other information.
Magic restored.
There is a shaft here.
You see here a +0 war axe.
There is a stone staircase leading down here.
You see here a +0 leather armour.
You see here a +0 war axe.
Done exploring.
MP restored: 21 Done exploring.
Done exploring.
There is a stone staircase leading down here.
You climb downwards.
Found 17 gold pieces.
Found a stone staircase leading down.
There is a stone staircase leading up here.
Cast which spell? (? or * to list)
Aiming: Fireball (dangerous; 3% risk of failure)
Press: ? - help, Shift-Dir - straight line, f - black mamba
Aim: a black mamba (asleep)
You feel a surge of power!
The fireball explodes!
The fireball engulfs the black mamba!!
The black mamba is heavily wounded.
The black mamba hisses angrily.
You hear an angry hiss.
You now have 17/21 mp.
Your +8 dagger of chaos is briefly surrounded by a scintillating aura of random colours.
a - a +8 dagger of chaos (weapon)
The black mamba bites you!
You take 17 damage, and have 55/72 hp.
MASSIVE DAMAGE!!
You closely miss the black mamba. You grab the black mamba.
You squeeze the black mamba, but do no damage.
The black mamba is heavily wounded.
You constrict the black mamba, but do no damage.
The black mamba bites you! The black mamba barely misses you.
A rime drake comes into view.
You take 12 damage, and have 43/72 hp.
You hit the black mamba but do no damage.
The black mamba is heavily wounded.
You constrict the black mamba, but do no damage.
The black mamba bites you! You block the black mamba's attack.
You take 11 damage, and have 32/72 hp.
You are too injured to fight recklessly!
You hit the black mamba. You burn the black mamba. You squeeze the black mamba.
The black mamba is severely wounded.
You constrict the black mamba. The black mamba bites you.
The rime drake breathes ice at you. The icy flash freeze hits you!!
You die...

P......P##..
#......P..k.
##..........#
#...........#
#...>......#
#..........#
#...........
#...@S.....#
#......###P.#
##.....P#
#.....##
#......#
##......
#......
........


You could see a black mamba and a rime drake (catching breath).

Vanquished Creatures
  A two-headed ogre (D:10)
  Maurice (D:7)
  Jeremiah (D:7)
  A cane toad (Lair:1)
  2 trolls
  3 blink frogs (Lair:1)
  A wraith (D:10)
  Sigmund (D:4)
  12 yaks
  3 wyverns
  2 steam dragons
  Menkaure (D:4)
  An acid dragon (D:10)
  6 water moccasins
  2 black bears
  6 orc warriors (D:10)
  3 sky beasts
  4 ogres
  4 centaurs
  A phantom (D:4)
  6 bullfrogs
  7 kobold brigands
  3 gnoll sergeants
  4 scorpions
  9 wights
  3 killer bees (D:10)
  An electric eel (D:6)
  2 howler monkeys
  4 crimson imps (D:3)
  3 hounds
  2 jellies
  3 quasits (D:6)
  A gnoll bouda (D:4)
  3 orc priests
  Ijyb (D:4)
  An iguana (D:7)
  A sleepcap (D:4)
  5 orc wizards
  Robin (D:3)
  23 gnolls
  9 adders
  A white imp (D:6)
  7 worms
  3 dart slugs
  59 orcs
  6 endoplasms
  4 giant cockroaches
  14 goblins
  15 hobgoblins
  A jackal (D:2)
  3 quokkas
  5 ball pythons
  3 bats
  2 frilled lizards (D:2)
  A jackal skeleton (D:3)
  30 kobolds
  4 rats
306 creatures vanquished.

Vanquished Creatures (others)
  A gnoll (D:9)
  29 fulminant prisms (D:10)
30 creatures vanquished.

Grand Total: 336 creatures vanquished

Notes
Turn   | Place    | Note
-------+----------+-------------------------------------------
     0 | D:1      | mdonais the Octopode Conjurer began the quest for the Orb.
     0 | D:1      | Reached XP level 1. HP: 11/11 MP: 3/3
   130 | D:1      | Found Imel's Weapon Shoppe.
   263 | D:1      | Found a faded altar of an unknown god.
   411 | D:1      | Reached XP level 2. HP: 18/18 MP: 5/5
   692 | D:1      | Learned a level 2 spell: Searing Ray
   709 | D:2      | Reached skill level 1 in Fighting
   754 | D:2      | Reached XP level 3. HP: 23/23 MP: 3/6
  1173 | D:2      | Reached XP level 4. HP: 29/29 MP: 2/7
  1328 | D:2      | Reached XP level 5. HP: 34/34 MP: 7/9
  1757 | D:3      | Noticed Robin
  1769 | D:3      | Killed Robin
  1770 | D:3      | Reached skill level 5 in Conjurations
  2148 | D:3      | Noticed a kobold brigand
  2157 | D:3      | Killed a kobold brigand
  2158 | D:3      | Reached XP level 6. HP: 41/41 MP: 4/10
  2180 | D:3      | HP: 2/42 [poisoned by a kobold brigand]
  2433 | D:3      | Learned a level 4 spell: Iskenderun's Mystic Blast
  2480 | D:3      | Reached skill level 6 in Conjurations
  2571 | D:3      | Found a shimmering altar of Xom.
  2583 | D:3      | Reached skill level 1 in Shields
  2751 | D:3      | Reached XP level 7. HP: 46/46 MP: 5/11
  2779 | D:3      | Noticed a human
  2780 | D:3      | Found a runed translucent door.
  2787 | D:3      | Found a basalt altar of Yredelemnul.
  2914 | D:4      | Noticed Sigmund
  3225 | D:4      | Found a staircase to the Ecumenical Temple.
  3232 | Temple   | Entered the Ecumenical Temple
  3251 | Temple   | Became a worshipper of Vehumet
  3339 | D:4      | Found a shadowy altar of Dithmenos.
  3967 | D:4      | Noticed Menkaure
  3972 | D:4      | Killed Menkaure
  3973 | D:4      | Reached XP level 8. HP: 41/54 MP: 12/12
  4163 | D:4      | Noticed Ijyb
  4191 | D:4      | Reached skill level 5 in Shields
  4469 | D:5      | Entered Level 5 of the Dungeon
  4472 | D:5      | Reached skill level 7 in Conjurations
  4579 | D:5      | Reached * piety under Vehumet
  4579 | D:5      | Offered knowledge of Foxfire by Vehumet.
  4584 | D:5      | Learned a level 3 spell: Dazzling Flash
  4724 | D:5      | Reached skill level 1 in Translocations
  4775 | D:5      | Found Nokluxuf's Antique Armour Boutique.
  4862 | D:5      | Found a broken altar of Ashenzari.
  5542 | D:6      | Reached XP level 9. HP: 36/58 MP: 13/15
  5626 | D:6      | Found a hide-covered altar of Uskayaw.
  5683 | D:6      | Reached skill level 5 in Translocations
  5941 | D:7      | Found Ea-nāṣir's Fine Metal Goods.
  6300 | D:7      | Reached ** piety under Vehumet
  6512 | D:7      | Noticed Jeremiah
  6577 | D:7      | Reached skill level 5 in Spellcasting
  6577 | D:7      | Reached skill level 8 in Conjurations
  6670 | D:7      | Offered knowledge of Shock by Vehumet.
  6851 | D:7      | Noticed Maurice
  7660 | D:8      | Reached skill level 1 in Hexes
  7791 | D:8      | Reached skill level 5 in Stealth
  7826 | D:8      | Reached skill level 5 in Fighting
  8362 | D:9      | Reached XP level 10. HP: 66/66 MP: 12/17
  8382 | D:9      | Found a hazy altar of Hepliaklqana.
  8503 | D:9      | Reached skill level 1 in Evocations
  8681 | D:9      | Offered knowledge of Scorch by Vehumet.
  9324 | D:9      | Learned a level 4 spell: Fulminant Prism
  9359 | D:10     | Entered Level 10 of the Dungeon
  9571 | D:10     | Found Jumy's Assorted Antiques.
  9582 | D:10     | Bought a metallic amethyst potion for 21 gold pieces
  9582 | D:10     | Bought an inky potion for 21 gold pieces
  9828 | D:10     | Found Ipneqi's Book Emporium.
  9851 | D:10     | Reached *** piety under Vehumet
  9929 | D:10     | Noticed a two-headed ogre
  9940 | D:10     | Killed a two-headed ogre
 10275 | D:10     | Found an iron altar of Okawaru.
 10310 | D:10     | Found Mukoci Jiul's Book Shop.
 10317 | D:10     | Found a glowing golden altar of the Shining One.
 10320 | D:10     | Offered knowledge of Ignite Poison by Vehumet.
 10322 | D:10     | Reached skill level 5 in Hexes
 10486 | D:10     | Found Nickey's Antique Armour Emporium.
 10494 | D:10     | Found a snail-covered altar of Cheibriados.
 10586 | D:10     | Found a staircase to the Lair.
 10634 | D:10     | Reached skill level 9 in Conjurations
 10648 | D:10     | Reached XP level 11. HP: 65/72 MP: 18/20
 10717 | D:10     | Found a staircase to the Orcish Mines.
 10840 | D:10     | Reached **** piety under Vehumet
 10855 | D:10     | Offered knowledge of Fireball by Vehumet.
 10866 | D:10     | Found Ciedang's Book Shop.
 10902 | D:10     | Learned a level 5 spell: Fireball
 10996 | D:10     | Found Ciedang's Book Shop.
 11045 | D:10     | Found a staircase to the Lair.
 11058 | D:10     | Found Ipneqi's Book Emporium.
 11088 | D:10     | Found a staircase to the Orcish Mines.
 11166 | D:10     | Reached skill level 1 in Fire Magic
 11195 | D:10     | Found Jumy's Assorted Antiques.
 11205 | D:10     | Found an iron altar of Okawaru.
 11247 | D:10     | Found Mukoci Jiul's Book Shop.
 11254 | D:10     | Found a glowing golden altar of the Shining One.
 11291 | D:10     | Found a snail-covered altar of Cheibriados.
 11300 | D:10     | Found Nickey's Antique Armour Emporium.
 11608 | D:4      | Killed Ijyb
 11781 | D:4      | Killed Sigmund
 11939 | D:6      | Identified the +2 spear "Fung" {pain, rCorr Str+3}
 12026 | D:7      | Killed Jeremiah
 12086 | D:7      | Killed Maurice
 12216 | Lair:1   | Entered Level 1 of the Lair of Beasts
 12462 | Lair:1   | Reached skill level 5 in Fire Magic
 14195 | Lair:2   | Killed from afar by a rime drake

Illustrated notes

Levels and vault maps discovered:
D:1:      roderic_octagonal_star, layout_loops_ring, serial_shops,
          nicolae_square_shop, shapermc_ecumenical_altar_notcrosses,
          minivault_19
D:2:      minmay_skewed_foursquare, layout_basic, minmay_octomino_j4
D:3:      cheibrodos_thug_alley, layout_rooms, led_xom_imps,
          dk_yredelemnul_ordeal, hangedman_feature_mirror, uniq_robin
D:4:      layout_loops_corners, mainiacjoe_overflow_cross_hatched,
          minmay_temple_entry_ruins, grunt_tough_drop, uniq_menkaure, uniq_ijyb,
          uniq_sigmund
D:5:      layout_rooms, mainiacjoe_overflow_surrounded_room, serial_shops,
          kennysheep_mini_moat
D:6:      cheibrodos_quashed, layout_basic, mainiacjoe_overflow_24_doors,
          minmay_crystal_water, minivault_24
D:7:      layout_basic, roderic_serpentine_path, nicolae_ea-nasir_strikes_again,
          kennysheep_another_room, uniq_jeremiah, uniq_maurice
D:8:      layout_loops_corners
D:9:      layout_roguey, mainiacjoe_overflow_small_starburst
D:10:     layout_roguey [special_room_orc], kennysheep_mini,
          overflow_temple_1_default, overflow_temple_1_default,
          lair_entry_dummy, kennysheep_orc_monster_closet_entryway,
          serial_shops, shop, nicolae_shop_pleasant_corner_grove,
          nicolae_take_the_stairs, nicolae_stop_n_shop_2,
          nicolae_book_shop_shelving
Temple:   nicolae_temple_ecumenical_triangle
Lair:1:   layout_long_grid
Lair:2:   layout_chaotic_city, minmay_shoals_entry_beasts, dummy_snake_entry

Skill      XL: |  1  2  3  4  5  6  7  8  9 10 11 |
---------------+----------------------------------+-----
Stealth        | 3 4 5 6 |  6.0
Fighting       | 1 2 3 4 5 6 |  6.0
Spellcasting   | 3 4 5 6 |  6.7
Conjurations   | 5 6 7 8 9 |  9.0
Shields        | 2 4 5 6 |  6.0
Translocations | 4 5 6 |  6.0
Hexes          | 2 5 |  5.0
Dodging        | 3 4 |  4.0
Evocations     | 3 |  3.0
Fire Magic     | 6 |  6.8

Action                     |  1- 3 |  4- 6 |  7- 9 | 10-12 || total
---------------------------+-------+-------+-------+-------++-------
  Melee: Short sword       |     7 |       |       |       ||     7
         Constrict         |     4 |     6 |     7 |     6 ||    23
         Tentacles         |     3 |     5 |    11 |     5 ||    24
         Dagger            |     1 |    20 |    53 |     8 ||    82
         Staff             |       |       |       |     9 ||     9
   Cast: Magic Dart        |    44 |   101 |   138 |   117 ||   400
         Searing Ray       |     3 |    10 |    57 |    53 ||   123
         Fulminant Prism   |       |       |       |    29 ||    29
         Iskenderun's Myst |       |       |       |     3 ||     3
         Fireball          |       |       |       |    61 ||    61
  Evoke: Wand              |       |       |       |     1 ||     1
    Use: Potion            |       |     1 |     1 |     1 ||     3
         Scroll            |       |       |    12 |     4 ||    16
   Stab: Sleeping          |     1 |       |     9 |       ||    10
         Confused          |       |       |     1 |       ||     1
 Armour: Skin              |     5 |    22 |    61 |    65 ||   153
  Dodge: Dodged            |     4 |    17 |    58 |    48 ||   127
  Block: Buckler           |       |       |    19 |    17 ||    36

Table legend: (Time is in decaauts)
 A = Elapsed time spent in this place.
 B = Non-inter-level travel time spent in this place.
 C = Inter-level travel time spent in this place.
 D = Time resting spent in this place.
 E = Time spent auto-exploring this place.
 F = Levels seen in this place.
 G = Mean time per level.
                   A        B        C        D        E       F      G
               +--------+--------+--------+--------+--------+-----+--------+
         Total |  14236 |  13491 |    745 |   2373 |   8382 |  13 | 1095.1 |
       Dungeon |  12369 |  11655 |    714 |   2297 |   6976 |  10 | 1236.9 |
        Temple |     32 |     32 |      0 |      0 |      0 |   1 |   32.0 |
          Lair |   1835 |   1805 |     30 |     76 |   1406 |   2 |  917.5 |
               +--------+--------+--------+--------+--------+-----+--------+

Top non-repeatable levels by time:
    D:10: 1975 daAuts
  Lair:1: 1830 daAuts
     D:4: 1574 daAuts
     D:7: 1378 daAuts
     D:8: 1351 daAuts
     D:9: 1308 daAuts
     D:3: 1220 daAuts
     D:2: 1176 daAuts
     D:6: 1034 daAuts
     D:1: 703 daAuts
     D:5: 647 daAuts
  Temple: 32 daAuts
  Lair:2: 4 daAuts
